 Dungeon Crawl Stone Soup version 0.31-a0-188-g5e087ee2ca (webtiles) character file.

Game seed: 11413768424213895254

39 qw the Shooter (level 3, -2/20 HPs)
             Began as a Deep Elf Hunter on June 22, 2023.
             Slain by a howler monkey (3 damage)
             ... on level 3 of the Dungeon.
             The game lasted 00:00:28 (1650 turns).

qw the Shooter (Deep Elf Hunter)                    Turns: 1650, Time: 00:00:28

Health: -2/20      AC:  7    Str: 10    XL:     3   Next: 26%
Magic:  5/5        EV: 11    Int: 13    God:
Gold:   71         SH:  0    Dex: 18    Spells: 2/2 levels left

rFire   . . .        Y - +0 shortbow
rCold   . . .        (shield currently unavailable)
rNeg    . . .        f - +0 ring mail
rPois   .            (helmet restricted)
rElec   .            (no cloak)
rCorr   .            (no gloves)
SInv    .            (no boots)
Will    .....        (no amulet)
Stlth   +            (no ring)
HPRegen 0.23/turn    (no ring)
MPRegen 0.09/turn

%: no passive effects
@: no status effects
A: horns 1, iridescent scales 1, MP-powered wands
a: no special abilities


You were on level 3 of the Dungeon.
You visited 1 branch of the dungeon, and saw 3 of its levels.

You collected 71 gold pieces.


Innate Abilities, Weirdness & Mutations

You have a pair of small horns on your head.
You are partially covered in iridescent scales. (AC +2)
You expend magic power (3 MP) to strengthen your wands.


   Skills:
 - Level 1.5 Fighting
 + Level 6.8 Ranged Weapons
 - Level 2.4 Dodging
 - Level 1.2 Stealth


You had 2 spell levels left.
You didn't know any spells.
Your spell library was empty.

Inventory:

Hand Weapons
 Y - a +0 shortbow (weapon)
Armour
 f - a +0 ring mail (worn)
Jewellery
 a - a ring of fire
Scrolls
 i - 2 scrolls of identify
Potions
 c - a potion of cancellation
 d - 2 potions of curing
 e - a potion of mutation
 g - a potion of enlightenment

Dungeon Overview and Level Annotations

Branches:
Dungeon (3/15)

Altars:

Shops:
D:1 [


Message History

You shoot an arrow.
The arrow closely misses the howler monkey.
The howler monkey hoots and howls with incredible vigour!
You hear a shout!
You shoot an arrow.
The arrow barely misses the howler monkey.
You shoot an arrow.
The arrow closely misses the howler monkey.
The howler monkey misses you.
You shoot an arrow.
The arrow completely misses the howler monkey.
The howler monkey hits you but does no damage.
You shoot an arrow.
The arrow closely misses the howler monkey.
The howler monkey hits you. The howler monkey closely misses you.
You shoot an arrow.
The arrow closely misses the howler monkey.
The howler monkey hits you.
You shoot an arrow. The arrow hits the howler monkey.
The howler monkey is heavily wounded.
The howler monkey hits you.
The howler monkey hoots and howls with incredible vigour!
You hear a shout! x2
You shoot an arrow.
The arrow closely misses the howler monkey.
The howler monkey barely misses you.
You shoot an arrow.
The arrow barely misses the howler monkey.
The howler monkey hits you. x2
You shoot an arrow. The arrow hits the howler monkey.
The howler monkey is heavily wounded.
The howler monkey hits you.
You shoot an arrow.
The arrow closely misses the howler monkey.
The howler monkey hits you but does no damage.
The howler monkey hits you.
You shoot an arrow. The arrow hits the howler monkey.
The howler monkey is severely wounded.
The howler monkey hits you.
You die...

... .%$ ... #.# #.# #.#
#.# #.# #.# #.# ##'##
#.# ##.@.## #.####
##...h.## #.##.##
##.......#
###.#...####.........#
...........'.........'.
###.#...####.........###
#.##.## ##.......##
#.#### ##.....## #.#
##...##


You could see a howler monkey.

Vanquished Creatures
  A dart slug (D:1)
  4 bats
  2 endoplasms
  5 goblins
  5 hobgoblins
  2 kobolds
  3 quokkas
  3 ball pythons
  4 frilled lizards
  6 rats
35 creatures vanquished.

Notes
Turn   | Place    | Note
-------+----------+-------------------------------------------
     0 | D:1      | qw the Deep Elf Hunter began the quest for the Orb.
     0 | D:1      | Reached XP level 1. HP: 12/12 MP: 3/3
     0 | D:1      | 0 ||| qw: Version: 0.3-a-9-g12657ce
     0 | D:1      | 0 ||| qw: Game counter: 2919
     0 | D:1      | 0 ||| qw: Always use a shield: true
     0 | D:1      | 0 ||| qw: God list: Okawaru
     0 | D:1      | 0 ||| qw: Allow faded altars: false
     0 | D:1      | 0 ||| qw: Do Orc after D:15 true
     0 | D:1      | 0 ||| qw: Do second Lair branch before Depths: true
     0 | D:1      | 0 ||| qw: Lair rune preference: random
     0 | D:1      | 0 ||| qw: Plans: Normal
     0 | D:1      | 0 ||| PLANNING D:1-11
     4 | D:1      | Found a faded altar of an unknown god.
    81 | D:1      | Found Feathy's Armour Boutique.
    91 | D:1      | 91 ||| SHOPLISTING +1 helmet (115 gold, have 16).
    91 | D:1      | 91 ||| SHOPLISTING +3 ring mail of fire resistance (260
                  | gold, have 16).
   287 | D:1      | Reached XP level 2. HP: 16/16 MP: 4/4
   289 | D:1      | 289 ||| FLEEEEING.
   295 | D:1      | Reached skill level 6 in Ranged Weapons
   298 | D:1      | 298 ||| FLEEEEING.
   476 | D:1      | 476 ||| UPGRADING to +0 ring mail.
   486 | D:1      | 486 ||| DROPPING +0 leather armour.
   487 | D:1      | 487 ||| READING scroll labelled YFY FIEXZIEFICW.
   488 | D:1      | 488 ||| READING 2 scrolls labelled LAMEAH ELAE.
   489 | D:1      | 489 ||| READING scroll labelled BUINWO XARICI.
   494 | D:1      | 494 ||| DRINKING 3 glowing green potions.
   495 | D:1      | 495 ||| DRINKING 2 golden potions.
   495 | D:1      | Gained mutation: You are partially covered in iridescent
                  | scales. (AC +2) [potion of mutation]
   495 | D:1      | Gained mutation: You have a pair of small horns on your
                  | head. [potion of mutation]
   495 | D:1      | Gained mutation: You expend magic power (3 MP) to
                  | strengthen your wands. [potion of mutation]
   496 | D:1      | 496 ||| DRINKING 2 bubbling blue potions.
   497 | D:1      | 497 ||| DROPPING scroll of butterflies.
   498 | D:1      | 498 ||| DROPPING potion of brilliance.
   807 | D:2      | Reached XP level 3. HP: 20/20 MP: 5/5
  1557 | D:2      | 1557 ||| READING 5 scrolls of identify.
  1557 | D:2      | 1557 ||| IDENTIFYING smoky ruby potion
  1558 | D:2      | 1558 ||| READING 4 scrolls of identify.
  1558 | D:2      | 1558 ||| IDENTIFYING cyan potion
  1559 | D:2      | 1559 ||| READING 3 scrolls of identify.
  1559 | D:2      | 1559 ||| IDENTIFYING white potion
  1560 | D:2      | 1560 ||| DROPPING potion of lignification.
  1649 | D:3      | HP: 1/20 [howler monkey (5)]
  1650 | D:3      | Slain by a howler monkey

Levels and vault maps discovered:
D:1:      scummos_arrival_forest, layout_rooms, serial_shops, shop,
          basic_ecumenical_altar, minmay_misc_feat_tower, st_stairs_8,
          serial_bayou_lake_a
D:2:      layout_basic, minmay_misc_feat_doors, kennysheep_generic_room_11
D:3:      layout_loops_corners, serial_glass, glass_columns_c, glass_columns_c,
          kennysheep_big_empty_room

Skill      XL: |  1  2 |
---------------+-------+-----
Ranged Weapons | 6 |  6.8
Fighting       | |  1.5
Dodging        | |  2.4
Stealth        | |  1.2

Action                     || total
---------------------------++-------
   Fire: Shortbow          ||    79
    Use: Scroll            ||     6
         Potion            ||     3
 Armour: Leather armour    ||     2
         Ring mail         ||     3
  Dodge: Dodged            ||     3

Table legend:
 A = Non-vault XP
 B = Vault XP
 C = Vault XP percentage of total XP
 D = Non-vault monster count
 E = Vault monster count
 F = Vault count percentage of total count
                 A         B        C        D         E       F
            +---------+---------+-------+---------+---------+-------
      Total |      53 |       3 |   5.4 |      33 |       2 |   5.7
            +---------+---------+-------+---------+---------+-------
        D:1 |      25 |       1 |   3.8 |      13 |       1 |   7.1
        D:2 |      26 |       2 |   7.1 |      18 |       1 |   5.3
        D:3 |       2 |       0 |   0.0 |       2 |       0 |   0.0
            +---------+---------+-------+---------+---------+-------
